Map: 사이버 포레스트 - 래더

Players

aLive

  • Race: Terran Terran
  • Spawn Location: 5:00

Trap - Winner!

  • Race: Protoss Protoss
  • Spawn Location: 11:00

Event: IEM Season 13: Katowice (2019)

VOD

Have the link to the VOD?

Description

Time

  • Played on: Feb. 25, 2019, 10:23 a.m.
  • Length: 13:05

All games in this series

Show
View Real Time Build Order
Export as new Build Order

aLive Terran 

Build Orders: Gas First Reaper Expand 

Get SALT Encoding   

  12  0:00  SCV  
  13  0:12  SCV  
  14  0:17  Supply Depot  
  14  0:25  SCV  
  15  0:28  Refinery  
  15  0:38  SCV  
  16  0:44  Barracks  
  16  0:50  SCV  
  17  1:03  SCV  
  18  1:15  SCV  
  19  1:32  Reaper, Orbital Command  
  20  1:45  Command Center  
  20  1:55  Factory  
  20  1:58  SCV  
  21  2:05  Barracks Reactor  
  21  2:10  SCV  
  21  2:13  Supply Depot  
  22  2:16  Refinery  
  22  2:22  SCV  
  23  2:35  SCV  
  24  2:43  Starport  
  24  2:45  Hellion x2  
  24  2:47  SCV  
  29  2:59  Orbital Command, SCV  
  30  3:06  Widow Mine  
  30  3:07  Widow Mine  
  30  3:09  Barracks Tech Lab  
  30  3:11  SCV  
  35  3:19  Medivac  
  37  3:25  SCV  
  38  3:28  SCV  
  38  3:30  Widow Mine x2  
  41  3:38  SCV  
  41  3:39  Supply Depot  
  42  3:43  SCV  
  42  3:44  Stimpack, Marine  
  44  3:56  Barracks  
  44  3:58  SCV  
  44  3:59  SCV  
  46  4:03  Barracks  
  46  4:05  Starport Tech Lab  
  46  4:07  Factory Reactor, Marine  
  47  4:10  Supply Depot  
  47  4:12  SCV  
  47  4:14  SCV  
  49  4:24  SCV  
  50  4:26  SCV  
  49  4:33  Starport Reactor  
  49  4:36  SCV  
  49  4:38  SCV, Marine  
  51  4:40  Engineering Bay  
  48  4:47  Bunker  
  48  4:48  Widow Mine x2, SCV  
  48  4:50  SCV  
  48  4:52  Refinery  
  50  4:58  Marine x2  
  50  4:59  Marauder x2  
  56  5:00  SCV  
  56  5:04  SCV  
  56  5:05  Supply Depot  
  58  5:08  Terran Infantry Weapons Level 1  
  58  5:11  Widow Mine x2  
  62  5:16  SCV  
  62  5:17  SCV  
  62  5:20  Marine x2  
  60  5:27  Marauder x2  
  60  5:28  Combat Shield  
  65  5:33  Supply Depot  
  65  5:35  Medivac  
  66  5:38  Marine x2  
  66  5:39  SCV x2  
  70  5:47  Concussive Shells  
  70  5:50  Supply Depot  
  70  5:55  Widow Mine x2  
  77  6:04  Marine x2  
  78  6:12  SCV x2  
  78  6:13  Marine x2  
  78  6:14  Medivac x2  
  78  6:16  Supply Depot  
  82  6:23  Command Center  
  82  6:26  Marine x2  
  81  6:40  Marauder  
  81  6:41  Marauder, Barracks, SCV x2  
  81  6:42  Barracks, Supply Depot  
  81  6:46  Liberator  
  85  6:52  Marine x2  
  87  7:01  Widow Mine  
  87  7:02  Widow Mine  
  93  7:09  SCV  
  93  7:10  SCV, Supply Depot  
  93  7:12  Supply Depot  
  93  7:13  Marauder x2, Marine x2  
  93  7:14  Liberator  
  93  7:15  Refinery  
  100  7:28  Widow Mine  
  102  7:31  Barracks Tech Lab, Barracks Reactor  
  102  7:32  Widow Mine  
  102  7:33  Missile Turret  
  102  7:35  Supply Depot  
  102  7:36  Orbital Command  
  107  7:37  Supply Depot  
  107  7:38  Supply Depot  
  107  7:40  SCV x2  
  109  7:47  Marine  
  109  7:48  Marauder, Marine  
  115  7:51  Marauder  
  115  7:57  Orbital Command  
  115  8:06  SCV x2  
  115  8:10  Marine x3  
  115  8:11  Marauder, Marine  
  115  8:12  Marauder  
  127  8:13  Marauder  
  127  8:15  Terran Infantry Armor Level 1  
  111  8:26  Liberator  
  104  8:28  Liberator  
  104  8:35  Marine x2  
  104  8:36  Marauder x2, Marine x2  
  104  8:37  Marauder  
  118  8:41  Widow Mine x2  
  122  8:55  SCV x3  
  121  9:07  SCV x3  
  121  9:08  Marine x4  
  127  9:10  Marauder  
  127  9:11  Marauder  
  131  9:19  Starport, SCV x2  
  131  9:20  SCV  
  132  9:24  Supply Depot  
  132  9:25  Supply Depot  
  132  9:26  Liberator x2  
  132  9:31  SCV, Marine x3  
  132  9:32  Marine  
  137  9:40  Liberator  
  137  9:41  Liberator  
  137  9:43  Marauder x3  
  146  9:59  SCV x3  
  155  10:05  Marine x4  
  155  10:06  Refinery  
  158  10:07  Refinery  
  158  10:08  Marauder x2  
  157  10:19  Liberator x2  
  139  10:35  Marine x4  
  117  10:36  Marauder x3, Liberator  
  117  10:37  Liberator  
  117  10:38  SCV x2  
  117  10:39  SCV  
  112  10:50  Armory  
  112  10:51  Engineering Bay  
  118  10:59  Marine x4  
  118  11:00  Marauder x2  
  118  11:01  Marauder  
  125  11:21  Marine x4  
  125  11:25  Liberator x2  
  126  11:26  Command Center  
  126  11:31  Orbital Command, Marine x3  
  121  11:39  Marine  
  111  11:49  Marauder x3  
  103  11:55  Marine x3  
  103  11:56  Marine  
  91  12:11  Marauder  
  93  12:19  Marine x3  
  93  12:20  Marine  
  97  12:25  Marauder x2  
  107  12:32  Marauder  
  109  12:38  Orbital Command  
  113  12:47  Marine x4  
Show
View Real Time Build Order
Export as new Build Order

Trap Protoss - Winner!

Build Orders: 1 Gate Expand, Blink Stalkers, Colossus Rush 

Get SALT Encoding   

  12  0:00  Probe  
  13  0:12  Probe  
  14  0:17  Pylon  
  14  0:24  Probe  
  15  0:32  Probe  
  15  0:37  Gateway  
  15  0:40  Probe  
  17  0:50  Assimilator  
  17  0:51  Probe  
  18  1:03  Probe  
  19  1:15  Probe  
  20  1:23  Nexus  
  20  1:32  Cybernetics Core  
  20  1:36  Probe  
  21  1:41  Assimilator  
  21  1:48  Probe  
  21  1:51  Pylon  
  22  1:59  Adept  
  22  2:00  Probe  
  23  2:09  Warp Gate  
  23  2:12  Probe  
  26  2:19  Twilight Council  
  26  2:21  Stalker  
  26  2:24  Probe  
  27  2:33  Probe  
  27  2:36  Probe, Blink  
  30  2:41  Probe  
  30  2:48  Probe  
  30  2:51  Probe  
  32  2:53  Stalker  
  35  3:03  Probe  
  35  3:05  Probe  
  37  3:13  Pylon  
  37  3:15  Probe  
  37  3:17  Probe  
  39  3:23  Stalker  
  41  3:29  Probe x2  
  41  3:41  Gateway  
  41  3:43  Gateway, Probe x2  
  43  3:49  Robotics Facility  
  43  3:58  Pylon  
  43  3:59  Probe x2  
  43  4:01  Stalker  
  47  4:06  Gateway  
  47  4:11  Probe x2  
  47  4:14  Assimilator  
  47  4:16  Assimilator  
  49  4:23  Probe x2  
  50  4:25  Stalker  
  52  4:33  Warp Prism  
  52  4:37  Probe x2  
  52  4:38  Stalker  
  50  4:44  Stalker  
  54  4:50  Probe x2  
  56  4:53  Robotics Bay  
  56  5:00  Pylon  
  56  5:02  Forge  
  56  5:05  Probe x2  
  56  5:06  Observer  
  58  5:12  Pylon  
  59  5:26  Observer  
  59  5:28  Adept x3  
  65  5:31  Colossus  
  65  5:33  Protoss Ground Weapons Level 1  
  65  5:34  Nexus  
  72  5:50  Pylon  
  72  5:54  Extended Thermal Lance  
  72  6:10  Gateway x2  
  70  6:12  Gateway  
  70  6:15  Sentry  
  70  6:16  Sentry  
  70  6:17  Colossus  
  74  6:19  Shield Battery  
  74  6:20  Pylon  
  80  6:36  Stalker  
  82  6:40  Stalker  
  82  6:43  Probe x2  
  86  6:54  Photon Cannon  
  86  6:56  Probe x2, Pylon  
  86  6:57  Probe  
  88  7:03  Protoss Ground Armor Level 1  
  88  7:12  Stalker x4  
  88  7:14  Observer  
  88  7:15  Probe  
  98  7:16  Probe  
  98  7:17  Probe  
  100  7:27  Pylon  
  100  7:28  Zealot  
  102  7:30  Colossus  
  102  7:31  Probe x2  
  102  7:32  Probe  
  102  7:33  Pylon  
  111  7:45  Probe x3  
  111  7:51  Pylon  
  114  7:57  Zealot  
  115  8:00  Zealot x4  
  115  8:02  Zealot  
  125  8:05  Pylon  
  121  8:21  Zealot x4  
  121  8:22  Zealot  
  121  8:23  Zealot  
  129  8:31  Probe x3, Observer  
  127  8:38  Pylon  
  127  8:40  Pylon  
  127  8:41  Twilight Council  
  127  8:45  Pylon  
  127  8:46  Pylon  
  127  8:50  Protoss Ground Armor Level 2  
  127  8:51  Assimilator  
  127  8:52  Assimilator  
  127  8:53  Pylon  
  127  8:55  Pylon  
  127  8:57  Charge  
  127  9:03  Immortal  
  127  9:06  Probe x3  
  132  9:10  Zealot x6  
  144  9:18  Templar Archives  
  144  9:22  Gateway  
  144  9:25  Gateway  
  144  9:26  Pylon  
  144  9:27  Pylon  
  144  9:39  Pylon  
  144  9:42  Observer  
  141  9:53  Nexus  
  141  9:55  High Templar x4  
  141  9:56  High Templar x2  
  143  10:01  Archon  
  143  10:02  Archon x2, Colossus  
  147  10:24  Stalker x2  
  127  10:30  Stalker x3  
  127  10:31  Stalker x3  
  127  10:33  Probe x3  
  126  10:42  Protoss Ground Weapons Level 2  
  124  10:45  Probe x3  
  124  10:48  Photon Cannon  
  124  10:49  Observer  
  125  10:57  Probe x3  
  128  11:07  Stalker x2  
  128  11:08  Stalker  
  128  11:09  Zealot x2  
  138  11:12  Colossus  
  138  11:18  Zealot x3  
  144  11:23  Probe x4  
  154  11:39  Psionic Storm, Zealot x5  
  162  11:40  Zealot  
  152  11:56  Probe  
  151  12:02  Zealot x5, High Templar x3  
  151  12:06  Warp Prism  
  163  12:09  Pylon  
  163  12:11  Gateway x2  
  164  12:20  Photon Cannon  
  164  12:26  High Templar x2  
  164  12:28  Forge  
  172  12:46  Stalker x2  
  172  12:47  Stalker x3  
  172  12:50  Assimilator x2  

Tags
 
Add a new tag
Caveats
  • Supply blocks, unpowered buildings, or Contaminate may cause inaccurate times.
  • Supply counts are checked every 10 seconds.